 Dungeon Crawl Stone Soup version 0.26-a0-597-gb535b0901c (webtiles) character file.

Game seed: 15904263352731077464

(classic levelgen) 658 EnegeticOcto the Chopper (level 7, 0/64 HPs)
             Began as a Deep Dwarf Fighter on Aug 26, 2020.
             Slain by a killer bee (6 damage)
             ... on level 5 of the Dungeon.
             The game lasted 00:00:57 (1469 turns).

EnegeticOcto the Chopper (Deep Dwarf Fighter)       Turns: 1469, Time: 00:00:57

Health: 0/64       AC:  7    Str: 21      XL:     7   Next: 30%
Magic:  6/6        EV:  7    Int:  9      God:
Gold:   128        SH: 10    Dex: 10 (12) Spells: 6/6 levels left

rFire    . . .     SeeInvis .   a - +0 war axe
rCold    . . .     Faith    .   c - +0 kite shield
rNeg     . . .     Spirit   .   b - +0 scale mail
rPois    .         Reflect  .   (no helmet)
rElec    .         Harm     .   (no cloak)
rCorr    .                      (no gloves)
MR       +....                  (no boots)
Stlth    ..........             (no amulet)
HPRegen  0.00/turn              (no ring)
MPRegen  0.10/turn              (no ring)

@: lethally poisoned (0 -> 0), non-regenerating
A: damage resistance, heal wounds, sense surroundings 1, no regeneration
a: Heal Wounds


You were on level 5 of the Dungeon.
You visited 1 branch of the dungeon, and saw 5 of its levels.

You collected 128 gold pieces.

Inventory:

Hand Weapons
 a - a +0 war axe (weapon)
Armour
 b - a +0 scale mail (worn)
 c - a +0 kite shield (worn)
Jewellery
 o - an uncursed ring of resist corrosion {unknown}
Wands
 p - a wand of acid (13) {@v1}
Scrolls
 e - 2 scrolls of identify {unknown}
 i - 2 scrolls of remove curse {unknown}
 m - a scroll of noise {unknown}
Potions
 d - a potion of might {@q3}
 f - 2 potions of lignification {unknown}
 g - a potion of berserk rage {unknown}
 h - 2 potions of curing {unknown}
 j - a potion of flight {unknown}
 k - a potion of stabbing {unknown}
 l - 2 potions of mutation {unknown}
 n - 2 potions of heal wounds {unknown}


   Skills:
 + Level 4.1 Fighting
 * Level 5.9 Axes
 + Level 5.0 Armour
 + Level 5.1 Shields


You had 6 spell levels left.
You didn't know any spells.
Your spell library was empty.

Dungeon Overview and Level Annotations

Branches:
Dungeon (5/15)
 Temple: D:4-7

Altars:


Innate Abilities, Weirdness & Mutations

You are resistant to damage.
You can heal yourself by infusing magical energy.
You passively map a small area around you.
You do not regenerate.


Message History

There is an open door here.
A ball python zombie is nearby!
A ball python zombie is nearby!
A ball python zombie is nearby!
A ball python zombie is nearby!
The ball python zombie bites you but does no damage.
The ball python zombie grabs you. The ball python zombie constricts you.
You slash the ball python zombie!
You destroy the ball python zombie!
No target in view!
No target in view!
No target in view!
No target in view!
No target in view!
No target in view!
No target in view!
No target in view!
No target in view!
No target in view!
There is an open door here.
There is an open door here.
You open the door.
There is an open door here.
There is an open door here.
There is an open door here.
There is an open door here. 2 killer bees come into view.
The killer bee buzzes angrily. x2; You hear an angry buzzing noise.
A killer bee comes into view.
There are monsters nearby!
There are monsters nearby!
The killer bee buzzes angrily.
You hear an angry buzzing noise.
A killer bee comes into view. x2
The killer bee moves out of view.
Found an escape hatch in the ceiling.
A killer bee comes into view.
The killer bee buzzes angrily. x3
The killer bee stings you but does no damage.
You block the killer bee's attack. The killer bee stings you.
You are poisoned.
The killer bee poisons you! You block the killer bee's attack.
You miss the killer bee. x2; You closely miss the killer bee.
The killer bee barely misses you. The killer bee stings you.
You are more poisoned.
The killer bee poisons you! You block the killer bee's attack.
The killer bee stings you!
You are more poisoned.
The killer bee poisons you! The killer bee stings you.
The killer bee barely misses you. The killer bee stings you.
An ufetubus comes into view.
Your shield and scale mail prevent you from hitting the killer bee.
You closely miss the killer bee. x2; You feel sick.
You block the killer bee's attack.
The killer bee stings you but does no damage.
You block the killer bee's attack. The killer bee barely misses you. x2
You miss the killer bee. You closely miss the killer bee. x2
The killer bee stings you. x2
You are more poisoned.
The killer bee poisons you!
The killer bee stings you but does no damage.
You block the killer bee's attack.
The killer bee stings you but does no damage.
You block the killer bee's attack. x2
The killer bee stings you but does no damage.
The killer bee barely misses you.
The killer bee stings you but does no damage.
You miss the killer bee.
You hit the killer bee but do no damage.
You barely miss the killer bee.
You miss the killer bee. x2; You feel sick.
The killer bee stings you. You block the killer bee's attack.
The killer bee stings you. You block the killer bee's attack.
The killer bee stings you but does no damage.
The killer bee closely misses you.
The killer bee stings you but does no damage.
The killer bee stings you. x2
The killer bee stings you but does no damage.
The killer bee stings you. x2
You are too injured to fight recklessly!
You are too injured to fight recklessly!
You are too injured to fight recklessly!
You are too injured to fight recklessly!
You are too injured to fight recklessly!
You are too injured to fight recklessly!
You are too injured to fight recklessly!
You are too injured to fight recklessly!
You are too injured to fight recklessly!
You fail to use your ability.
You feel sick.
The killer bee stings you but does no damage.
The killer bee stings you!
* * * LOW HITPOINT WARNING * * *
The killer bee barely misses you. The killer bee stings you.
* * * LOW HITPOINT WARNING * * *
The killer bee stings you.
* * * LOW HITPOINT WARNING * * *
The killer bee barely misses you. The killer bee stings you.
The killer bee completely misses you. You block the killer bee's attack.
The killer bee stings you.
You feel sick. You block the killer bee's attack.
The killer bee barely misses you. The killer bee stings you!
You die...

#...##....#######............
#'####....'.....#............
#...##....##....#............
#...##....##....#............
#....+....#.....'............
#....#....#.....#.....#######
#....#....#.....#.....# ,
#...###+####....#.....#, , ,
######....##@y..#.....#, , ,
.....yyy5y.#.....# ,,,, ,
.......y...#.....#
...........#.....#,, ,
...........#.....#
...........#.....####### ,
...........#.....#...... *
.......<...#.....#...... *
*#....##....#.....#......


You could see 6 killer bees and an ufetubus.

Vanquished Creatures
  Eustachio (D:4)
  A phantom (D:4)
  An ogre (D:5)
  A centaur zombie (D:5)
  2 orc priests (D:4)
  A bullfrog skeleton (D:5)
  An orc wizard (D:4)
  An iguana (D:5)
  Jessica (D:2)
  3 worker ants
  A killer bee zombie (D:5)
  An adder (D:5)
  A howler monkey skeleton (D:5)
  2 dart slugs (D:1)
  2 leopard geckos (D:5)
  7 orcs (D:4)
  2 giant cockroaches
  4 goblins
  2 hobgoblins (D:1)
  A ball python zombie (D:5)
  A bat (D:1)
  5 frilled lizards
  6 kobolds
  2 rats (D:1)
50 creatures vanquished.

Notes
Turn   | Place    | Note
-------+----------+-------------------------------------------
     0 | D:1      | EnegeticOcto the Deep Dwarf Fighter began the quest for the
                  | Orb.
     0 | D:1      | Reached XP level 1. HP: 20/20 MP: 1/1
    45 | D:1      | Reached XP level 2. HP: 25/27 MP: 2/2
   196 | D:2      | Noticed Jessica
   201 | D:2      | Killed Jessica
   201 | D:2      | Reached XP level 3. HP: 33/34 MP: 3/3
   480 | D:4      | Reached XP level 4. HP: 31/42 MP: 4/4
   494 | D:4      | Reached XP level 5. HP: 35/49 MP: 5/5
   577 | D:4      | Noticed a phantom
   606 | D:4      | Killed a phantom
   710 | D:4      | Noticed Eustachio
   812 | D:4      | Killed Eustachio
   812 | D:4      | Reached skill level 5 in Axes
   812 | D:4      | Reached XP level 6. HP: 28/57 MP: 5/5
   962 | D:5      | Entered Level 5 of the Dungeon
  1035 | D:5      | Reached XP level 7. HP: 28/64 MP: 6/6
  1082 | D:5      | Reached skill level 5 in Shields
  1107 | D:5      | Reached skill level 5 in Armour
  1469 | D:5      | Slain by a killer bee

Illustrated notes

Levels and vault maps discovered:
D:1:      tarquinn_simple_flora_water_f, layout_loops_cross
D:2:      layout_basic, makhleb_heckhound_becter,
          minmay_fractal_squares_gapless_5, uniq_jessica
D:3:      layout_loops_cross
D:4:      layout_cave_pools, kennysheep_cross_room, uniq_eustachio
D:5:      layout_gridville

Skill      XL: |  1  2  3  4  5  6  7 |
---------------+----------------------+-----
Fighting       | 3 4 |  4.1
Axes           | 3 4 5 |  5.9
Armour         | 4 5 |  5.0
Shields        | 4 5 |  5.1

Action                   |  1- 3 |  4- 6 |  7- 9 || total
-------------------------+-------+-------+-------++-------
Melee: War axe           |    80 |   147 |    47 ||   274
 Abil: Heal Wounds       |     2 |    10 |     2 ||    14
Armor: Scale mail        |    37 |   124 |    28 ||   189
Dodge: Dodged            |    17 |    69 |    22 ||   108
Block: Kite shield       |    41 |   125 |    34 ||   200

Table legend: (Time is in decaauts)
 A = Elapsed time spent in this place.
 B = Non-inter-level travel time spent in this place.
 C = Inter-level travel time spent in this place.
 D = Time resting spent in this place.
 E = Time spent auto-exploring this place.
 F = Levels seen in this place.
 G = Mean time per level.
                   A        B        C        D        E       F      G
               +--------+--------+--------+--------+--------+-----+--------+
         Total |   1568 |   1533 |     35 |      0 |   1009 |   5 |  313.6 |
       Dungeon |   1568 |   1533 |     35 |      0 |   1009 |   5 |  313.6 |
               +--------+--------+--------+--------+--------+-----+--------+

Top non-repeatable levels by time:
     D:4: 702 daAuts
     D:5: 528 daAuts
     D:1: 200 daAuts
     D:2: 130 daAuts
     D:3: 6 daAuts
